 Dungeon Crawl Stone Soup version 0.19-a0-262-g5df7875 (webtiles) character file.

492 esc the Poker (level 7, 0/60 HPs)
             Began as a Hill Orc Gladiator on May 25, 2016.
             Was a Believer of Qazlal.
             Slain by a wyvern skeleton (10 damage)
             ... on level 6 of the Dungeon.
             The game lasted 00:09:08 (4920 turns).

esc the Poker (Hill Orc Gladiator)                  Turns: 4920, Time: 00:09:08

Health: 0/60       AC:  6    Str: 18    XL:     7   Next: 14%
Magic:  9/9        EV: 13    Int:  8    God:    Qazlal [**....]
Gold:   280        SH:  3    Dex: 13    Spells: 0 memorised, 6 levels left

rFire  + . .     SeeInvis .     C - +0 halberd
rCold  . . .     Gourm    .     b - +0 leather armour
rNeg   . . .     Faith    .     (shield currently unavailable)
rPois  +         Spirit   .     c - +1 helmet
rElec  .         Dismiss  .     (no cloak)
rCorr  .         Reflect  .     (no gloves)
SustAt .         Harm     .     q - +0 pair of boots
MR     .....                    (no amulet)
Stlth  +.........               u - ring of protection from fire {rF+, !d}
                                s - ring of poison resistance {rPois, !d}

@: about to teleport, not resistant to hostile enchantments, very unstealthy
A: no striking features
a: Upheaval, Renounce Religion


You were on level 6 of the Dungeon.
You worshipped Qazlal.
Qazlal was pleased with you.
You were not hungry.

You visited 1 branch of the dungeon, and saw 6 of its levels.

You collected 280 gold pieces.

Inventory:

Hand Weapons
 C - a +0 halberd (weapon)
   (You found it on level 5 of the Dungeon)
Missiles
 d - 3 throwing nets {=f, !d}
 h - 90 stones (quivered)
 B - 4 tomahawks
Armour
 b - a +0 leather armour (worn)
 c - a +1 helmet (worn)
 q - a +0 pair of boots (worn)
   (You found it on level 1 of the Dungeon)
Jewellery
 s - a ring of poison resistance (left hand) {rPois, !d}
   (You found it on level 3 of the Dungeon)
 u - a ring of protection from fire (right hand) {rF+, !d}
   (You found it on level 5 of the Dungeon)
Wands
 a - a wand of paralysis (11/24)
   (You found it on level 5 of the Dungeon)
 y - a wand of disintegration (7/24)
   (You found it on level 2 of the Dungeon)
Scrolls
 i - 4 scrolls of amnesia
 m - a scroll of fog
 w - a scroll of magic mapping {!r}
 x - 2 scrolls of teleportation
Potions
 e - a potion of berserk rage {!q}
 g - 4 potions of curing
 j - 2 potions of mutation {!q}
 l - a potion of heal wounds {unknown}
 o - a potion of lignification {!q}
 r - 2 potions of cancellation
 z - 2 potions of might {unknown}
 A - a potion of flight
Comestibles
 f - 7 bread rations {@e1}
 k - a chunk of flesh {@w0}
 n - 3 fruits
 p - 4 meat rations {@e2}
 v - a royal jelly


   Skills:
 + Level 4.5 Fighting
 + Level 4.8 Polearms
 - Level 1.7 Throwing
 + Level 3.3 Armour
 + Level 3.7 Dodging
 + Level 3.6 Invocations


You had 6 spell levels left.
You didn't know any spells.

Dungeon Overview and Level Annotations

Branches:
Dungeon (6/15)
 Temple: D:4-7

Altars:
Ashenzari
Cheibriados
Kikubaaqudgha
Makhleb
Qazlal
Zin
The Shining One

Annotations:
D:2 Jessica


Message History

No target in view!
You hear a loud, deep croak! x2
You now have 280 gold pieces (gained 6).
An adder comes into view.
An adder is nearby!
A giant frog comes into view.
You closely miss the adder. You block the adder's attack.
The adder barely misses you.
You closely miss the adder.
You hear a loud, deep croak!
The adder barely misses you. You block the adder's attack.
A giant frog comes into view.
You hit the giant frog. The giant frog hits you!
The adder bites you but does no damage. The giant frog barely misses you.
You take 7 damage, and have 52/60 hp.
You barely miss the giant frog. The adder bites you.
The giant frog closely misses you. The adder bites you.
The giant frog misses you. The giant frog barely misses you.
You take 4 damage, and have 48/60 hp.
You closely miss the giant frog. The giant frog barely misses you.
The adder misses you. The giant frog hits you.
The giant frog hits you but does no damage.
The adder barely misses you.
You take 1 damage, and have 47/60 hp.
You barely miss the giant frog. The giant frog closely misses you.
The giant frog hits you. The adder closely misses you.
The giant frog hits you but does no damage.
The giant frog hits you.
You take 5 damage, and have 42/60 hp.
You closely miss the giant frog.
The giant frog hits you but does no damage.
The adder barely misses you. The giant frog hits you.
The giant frog closely misses you. The adder bites you but does no damage.
The giant frog barely misses you.
You take 3 damage, and have 39/60 hp.
You barely miss the giant frog. The giant frog closely misses you.
The adder is struck by lightning.
You kill the adder!
Qazlal accepts your kill. The giant frog barely misses you.
The giant frog hits you.
A centaur skeleton comes into view.
You take 2 damage, and have 37/60 hp.
You closely miss the giant frog. The giant frog hits you.
The giant frog closely misses you. The giant frog hits you.
The giant frog closely misses you.
You take 5 damage, and have 32/60 hp.
You hit the giant frog. The giant frog hits you.
The giant frog barely misses you. The giant frog closely misses you.
The giant frog hits you but does no damage.
You take 5 damage, and have 27/60 hp.
You puncture the giant frog! The giant frog closely misses you.
The giant frog hits you. x2
The giant frog hits you but does no damage.
A wyvern skeleton comes into view.
You take 3 damage, and have 24/60 hp.
You closely miss the giant frog.
The giant frog hits you but does no damage.
The giant frog closely misses you. The centaur skeleton barely misses you.
The giant frog completely misses you. The giant frog hits you!
* * * LOW HITPOINT WARNING * * *
You are too injured to fight recklessly!
You are too injured to fight recklessly!
You are too injured to fight recklessly!
You take 6 damage, and have 18/60 hp.
You are too injured to fight recklessly!
You are too injured to fight recklessly!
You are too injured to fight recklessly!
You are too injured to fight recklessly!
You are too injured to fight recklessly!
You are too injured to fight recklessly!
You are too injured to fight recklessly!
You are too injured to fight recklessly!
You are too injured to fight recklessly!
You are too injured to fight recklessly!
The centaur skeleton hits you but does no damage.
The giant frog barely misses you.
Read which item? (? for menu, Esc to quit)
Okay, then.
The wyvern skeleton misses you.
The centaur skeleton is engulfed in freezing vapours.
The giant frog closely misses you. The wyvern skeleton barely misses you.
There is a stone staircase leading up here.
Read which item? (? for menu, Esc to quit)
As you read the scroll of teleportation, it crumbles to dust.
You feel strangely unstable. You block the giant frog's attack.
The centaur skeleton barely misses you. The wyvern skeleton bites you!
* * * LOW HITPOINT WARNING * * *
The centaur skeleton hits you.
* * * LOW HITPOINT WARNING * * *
You take 8 damage, and have 10/60 hp.
The giant frog barely misses you.
Drink which item? (? for menu, Esc to quit)
Okay, then.
The giant frog hits you.
* * * LOW HITPOINT WARNING * * *
The giant frog barely misses you.
The giant frog hits you but does no damage.
The wyvern skeleton bites you!
You die...

..# .. .. ##. #.. #
# ####.#.# ##.
#.##.##.#.#.!..
..###.#..ยง#.#......
.......@ZZ..[+
..###.#FF<...#
#.#.#.#...# #.
##.....## .. ##....#
#.....%.....# #
##.#.##..## #.# #..#
## ..##


You could see 2 giant frogs, a wyvern skeleton and a centaur skeleton.

Vanquished Creatures
  A giant frog zombie (D:5)
  2 hounds
  3 orc wizards
  Ijyb (D:2)
  3 worker ants
  Robin (D:2)
  A howler monkey zombie (D:5)
  7 adders
  An adder skeleton (D:4)
  3 worms
  A dart slug (D:1)
  3 giant geckos
  13 orcs
  2 bat zombies (D:5)
  4 giant cockroaches
  12 goblins
  9 hobgoblins
  15 jackals
  4 quokkas
  3 ball pythons
  7 bats
  2 giant gecko skeletons
  4 giant newts
  4 kobolds
  3 rats
109 creatures vanquished.

Vanquished Creatures (others)
  3 fungi (D:5)
  2 plants (D:5)
5 creatures vanquished.

Grand Total: 114 creatures vanquished

Notes
Turn   | Place    | Note
--------------------------------------------------------------
     0 | D:1      | esc the Hill Orc Gladiator began the quest for the Orb.
     0 | D:1      | Reached XP level 1. HP: 18/18 MP: 1/1
   255 | D:1      | Reached XP level 2. HP: 25/25 MP: 2/2
  1029 | D:2      | Reached skill level 3 in Fighting
  1053 | D:2      | Reached skill level 1 in Armour
  1116 | D:2      | Found a stormy altar of Qazlal.
  1133 | D:2      | Reached XP level 3. HP: 28/31 MP: 3/3
  1142 | D:2      | Became a worshipper of Qazlal Stormbringer
  1349 | D:2      | Noticed Ijyb
  1362 | D:2      | Killed Ijyb
  1362 | D:2      | Reached skill level 1 in Invocations
  1362 | D:2      | Reached XP level 4. HP: 31/38 MP: 4/4
  1589 | D:2      | Noticed Robin
  1590 | D:2      | Noticed Jessica
  1602 | D:2      | Reached skill level 2 in Armour
  1678 | D:2      | HP: 9/38 [Jessica (3)]
  1685 | D:2      | HP: 5/38 [adder (5)]
  1688 | D:2      | Reached skill level 3 in Dodging
  1701 | D:2      | HP: 9/38 [poisoned by an adder]
  1998 | D:2      | Killed Robin
  2000 | D:2      | Reached * piety under Qazlal
  2051 | D:3      | Found a snail-covered altar of Cheibriados.
  2069 | D:3      | Reached XP level 5. HP: 44/45 MP: 6/6
  2108 | D:3      | Reached skill level 4 in Polearms
  2167 | D:3      | Reached skill level 2 in Invocations
  2912 | D:4      | Found a glowing golden altar of the Shining One.
  2975 | D:4      | Reached XP level 6. HP: 48/52 MP: 7/7
  3020 | D:4      | Found a glowing silver altar of Zin.
  3052 | D:4      | Reached skill level 4 in Fighting
  3498 | D:4      | Found a burning altar of Makhleb.
  3515 | D:4      | Reached skill level 3 in Invocations
  3698 | D:5      | Entered Level 5 of the Dungeon
  3786 | D:5      | Found a shattered altar of Ashenzari.
  3790 | D:5      | Saw a vision of the Swamp and the Spider Nest.
  3790 | D:5      | Noticed a wolf spider
  3790 | D:5      | Noticed a wolf spider
  3790 | D:5      | Noticed a redback
  3790 | D:5      | Noticed a wasp
  3790 | D:5      | Noticed an alligator
  3790 | D:5      | Noticed an alligator
  3790 | D:5      | Noticed an alligator
  3790 | D:5      | Noticed a swamp drake
  3790 | D:5      | Noticed an alligator
  3791 | D:5      | Noticed a wolf spider
  3822 | D:5      | Reached ** piety under Qazlal
  3930 | D:5      | Reached skill level 3 in Armour
  4363 | D:5      | Reached XP level 7. HP: 46/60 MP: 9/9
  4496 | D:5      | Found a shattered altar of Ashenzari.
  4628 | D:5      | Found an ancient bone altar of Kikubaaqudgha.
  4755 | D:5      | Identified a +0 iron rod (9/9) (You found it on level 5 of the Dungeon)
  4918 | D:6      | HP: 11/60 [wyvern skeleton (7)]
  4920 | D:6      | Slain by a wyvern skeleton

Vault maps used:
D:1:      shiori_arrival_elements
D:2:      old_standard_altar, minivault_5, uniq_jessica, uniq_robin, uniq_iyjb
D:3:      cheibriados_altar_1, kennysheep_generic_room_12
D:4:      lemuel_doored_altar, kennysheep_mini, lightli_temple_of_fire
D:5:      lemuel_zombie_altar_kikubaaqudgha, kennysheep_little_box, first_bread,
          grunt_ashenzari_visionary
D:6:      grunt_gozag_statues, minmay_temple_entry_junction2, uniq_grinder

Skill      XL: |  1  2  3  4  5  6 |
---------------+-------------------+-----
Fighting       | 3 4 |  4.5
Armour         | 1 2 3 |  3.3
Invocations    | 1 2 3 |  3.6
Dodging        | 3 |  3.7
Polearms       | 4 |  4.8
Throwing       | |  1.7

Action                   |  1- 3 |  4- 6 |  7- 9 || total
-------------------------+-------+-------+-------++-------
Melee: Trident           |   110 |   251 |       ||   361
       Halberd           |       |    10 |    54 ||    64
  Use: Scroll            |     2 |    17 |     1 ||    20
       Potion            |       |     2 |       ||     2
  Eat: Chunk             |     1 |     8 |     3 ||    12
       Beef jerky        |       |     1 |       ||     1
Armor: Leather armour    |    33 |    73 |    28 ||   134
Dodge: Dodged            |    53 |   166 |    68 ||   287
Block: Other             |       |    15 |    10 ||    25

Vault maps used:
D:1:      shiori_arrival_elements
D:2:      old_standard_altar, minivault_5, uniq_jessica, uniq_robin, uniq_iyjb
D:3:      cheibriados_altar_1, kennysheep_generic_room_12
D:4:      lemuel_doored_altar, kennysheep_mini, lightli_temple_of_fire
D:5:      lemuel_zombie_altar_kikubaaqudgha, kennysheep_little_box, first_bread,
          grunt_ashenzari_visionary
D:6:      grunt_gozag_statues, minmay_temple_entry_junction2, uniq_grinder

Table legend:
 A = Turns spent in this place as a percentage of turns spent in the entire game.
 B = Non-inter-level travel turns spent in this place as a percentage of non-inter-level travel turns spent in the entire game.
 C = Inter-level travel turns spent in this place as a percentage of turns spent in this place.
 D = Turns resting spent in this place as a percentage of non-inter-level travel turns spent in this place.
 E = Turns spent auto-exploring this place as a percentage of non-inter-level travel turns spent in this place.
 F = Non-inter-level travel turns spent in this place divided by the number of levels of this place that you've seen.
                   A       B       C       D       E      F
               +-------+-------+-------+-------+-------+----------------------
         Total | 100.0 | 100.0 |   0.4 |   0.4 |  10.7 | 197.2
       Dungeon | 100.0 | 100.0 |   0.4 |   0.4 |  10.7 | 197.2
               +-------+-------+-------+-------+-------+----------------------

Table legend:
 A = Kills in this place as a percentage of kills in entire the game.
 B = Kills by you in this place as a percentage of kills by you in the entire game.
 C = Kills by friends in this place as a percentage of kills by friends in the entire game.
 D = Other kills in this place as a percentage of other kills in the entire game.
 E = Experience gained in this place as a percentage of experience gained in the entire game.
 F = Experience gained in this place divided by the number of levels of this place that you have seen.
                   A       B       C       D       E      F
               +-------+-------+-------+-------+-------+----------------------
         Total | 100.0 | 100.0 |  -nan |  -nan | 100.0 | 117.3
       Dungeon | 100.0 | 100.0 |  -nan |  -nan | 100.0 | 117.3
               +-------+-------+-------+-------+-------+----------------------
